 Dungeon Crawl Stone Soup version 0.29-a0-834-g1e95ca9f62 (webtiles) character file.

Game seed: 6685915688156759771

528 gobodom the Firebug (level 7, -1/43 (51) HPs)
             Began as a Demonspawn Fire Elementalist on July 12, 2022.
             Slain by a wight
             ... wielding a +0 great sword
              (3 damage)
             ... on level 4 of the Dungeon.
             The game lasted 00:13:08 (3806 turns).

gobodom the Firebug (Demonspawn Fire Elementalist)  Turns: 3806, Time: 00:13:08

HP:   -1/43 (51)    AC:  2    Str:  9    XL:     7   Next: 3%
MP:   0/13          EV: 16    Int: 18    God:
Gold: 195           SH:  0    Dex: 13    Spells: 11/14 levels left

rFire   . . .      SeeInvis .   g - +2 dagger (venom)
rCold   . . .      Faith    .   (no shield)
rNeg    . . .      Spirit   .   a - +0 robe
rPois   .          Reflect  .   (helmet restricted)
rElec   +          Harm     .   q - +0 cloak
rCorr   .          Rampage  .   (no gloves)
Will    .....                   (no boots)
Stlth   ++........              (no amulet)
HPRegen 0.14/turn               i - ring of wizardry
MPRegen 0.13/turn               r - +4 ring of evasion

@: about to teleport, heavily drained
A: antennae 1, demonic guardian 1, powered by death 1, deformed body, robust 1,
electricity resistance, wild magic 1
a: no special abilities


You were on level 4 of the Dungeon.
You visited 1 branch of the dungeon, and saw 4 of its levels.

You collected 195 gold pieces.

Inventory:

Hand Weapons
 g - a +2 dagger of venom (weapon)
 k - a +2 vorpal sling
Armour
 a - a +0 robe (worn)
 l - a scarf of shadows
 q - a +0 cloak (worn)
Jewellery
 c - an amulet of faith
 i - a ring of wizardry (left hand)
 r - a +4 ring of evasion (right hand)
Scrolls
 d - a scroll of noise
 e - a scroll of teleportation
 f - a scroll of immolation {unknown}
 h - a scroll of identify
 m - a scroll of fog {unknown}
 o - a scroll of enchant armour {unknown}
 p - a scroll of torment {unknown}
 s - a scroll of poison {unknown}
Potions
 b - a potion of berserk rage
 j - a potion of brilliance {unknown}
 n - 2 potions of might {unknown}


   Skills:
 + Level 0.5 Fighting
 + Level 0.9 Short Blades
 + Level 2.3 Dodging
 + Level 2.4 Stealth
 + Level 0.2 Unarmed Combat
 + Level 4.4 Spellcasting
 + Level 3.1 Conjurations
 + Level 4.5 Fire Magic


You had 11 spell levels left.
You knew the following spells:

 Your Spells              Type           Power      Damage    Failure   Level
a - Foxfire               Conj/Fire      92%        2x1d8     2%          1
b - Scorch                Fire           52%        2d7       2%          2

Your spell library contained the following spells:

 Spells                   Type           Power      Damage    Failure   Level
 Conjure Flame            Conj/Fire      23%        6-21      5%          3
 Inner Flame              Hex/Fire       15%        N/A       10%         3
 Dazzling Flash           Conj/Hex       24%        N/A       12%         3
 Flame Wave               Conj/Fire      23%        2d7       16%         4
 Iskenderun's Mystic Bla  Conj/Tloc      12%        2d5       34%         4
 Starburst                Conj/Fire      11%        6d5       88%         6


Dungeon Overview and Level Annotations

Branches:
Dungeon (4/15)
 Temple: D:4-7

Altars:


Innate Abilities, Weirdness & Mutations

You have a pair of small antennae on your head.
A weak demonic guardian rushes to your aid.
You regenerate a little health from kills.
Armour fits poorly on your strangely shaped body.
You are robust. (+10% HP)
You are resistant to electric shocks. (rElec)
Your spells are a little harder to cast, but a little more powerful.


Message History

You have reached level 7!
A wight comes into view. It is wielding a +0 trident.
The wight completely misses you. The wight attacks as you move away!
The wight misses you.
You hit the wight.
The wight is heavily damaged.
The wight barely misses you.
You hit the wight.
The wight is severely damaged.
The wight closely misses you.
You hit the wight.
The wight is severely damaged.
The wight barely misses you.
You hit the wight but do no damage. Your punch misses the wight.
The wight is severely damaged.
The wight misses you.
You hit the wight.
The wight is severely damaged.
The wight hits you with a +0 great sword!
You feel drained.
Casting: Foxfire (safe; 2% risk of failure)
Confirm with . or Enter, or press ? or * to list all spells.
Flames lash the wight but do no damage.
The wight hits you with a +0 great sword!
You feel drained.
You hit the wight but do no damage.
The wight is severely damaged.
The wight misses you.
As you read the scroll labelled CAMIRPH ZIEPNA, it crumbles to dust.
You feel strangely unstable.
It was a scroll of teleportation.
The wight hits you with a +0 great sword.
* * * LOW HITPOINT WARNING * * *
You feel drained.
* * * LOW HITPOINT WARNING * * *
You closely miss the wight.
The wight is severely damaged.
The wight hits you with a +0 great sword!
* * * LOW HITPOINT WARNING * * *
A demonic guardian appears!
You feel drained.
You die...

.################.#
.........{z@.5....#
.....)..#z#########
.....##..o{###..##
....
##.....#...##### ##
#..............
##......<.).....
#.......(..o..).
.#......#........
........#).....z.


You could see 2 wights and a friendly quasit (summoned).

Vanquished Creatures
  A phantom (D:4)
  An orc priest (D:3)
  An orc wizard (D:3)
  3 gnolls (D:2)
  4 adders (D:2)
  11 dart slugs
  4 orcs
  6 ball pythons (D:2)
  3 endoplasms
  4 giant cockroaches
  11 goblins
  6 hobgoblins
  7 jackals
  4 kobolds
  2 quokkas
  6 bats
  2 frilled lizards
  3 rats
79 creatures vanquished.

Vanquished Creatures (collateral kills)
  Grinder (D:3)
  Terence (D:2)
  Robin (D:2)
  3 goblins (D:2)
  3 hobgoblins (D:2)
9 creatures vanquished.

Vanquished Creatures (others)
  332 foxfires
332 creatures vanquished.

Grand Total: 420 creatures vanquished

Notes
Turn   | Place    | Note
-------+----------+-------------------------------------------
     0 | D:1      | gobodom the Demonspawn Fire Elementalist began the quest
                  | for the Orb.
     0 | D:1      | Reached XP level 1. HP: 13/13 MP: 3/3
   556 | D:1      | Gained mutation: A weak demonic guardian rushes to your
                  | aid. [demonic ancestry]
   556 | D:1      | Reached XP level 2. HP: 19/19 MP: 0/5
  1301 | D:2      | Noticed Terence
  1303 | D:2      | Gained mutation: You have a pair of small antennae on your
                  | head. [demonic ancestry]
  1303 | D:2      | Reached XP level 3. HP: 16/24 MP: 2/6
  1307 | D:2      | Killed Terence
  1317 | D:2      | Noticed Robin
  1339 | D:2      | Killed Robin
  1340 | D:2      | Reached XP level 4. HP: 13/30 MP: 0/8
  1961 | D:2      | Reached XP level 5. HP: 35/35 MP: 4/9
  2641 | D:3      | Noticed Grinder
  2676 | D:3      | HP: 1/35 [dart slug (1)]
  2685 | D:3      | Gained mutation: Your spells are a little harder to cast,
                  | but a little more powerful. [potion of mutation]
  2685 | D:3      | Gained mutation: You are robust. (+10% HP) [potion of
                  | mutation]
  2685 | D:3      | Gained mutation: Armour fits poorly on your strangely
                  | shaped body. [potion of mutation]
  2685 | D:3      | Gained mutation: You are resistant to electric shocks.
                  | (rElec) [potion of mutation]
  2693 | D:3      | HP: 1/38 [Grinder/nerve-wracking pain (3)]
  2693 | D:3      | Killed Grinder
  2694 | D:3      | Gained mutation: You regenerate a little health from kills.
                  | [demonic ancestry]
  2694 | D:3      | Reached XP level 6. HP: 2/46 MP: 9/12
  3007 | D:3      | Learned a level 2 spell: Scorch
  3793 | D:4      | Reached XP level 7. HP: 45/51 MP: 0/13
  3806 | D:4      | HP: 2/45 [wight/+0 great sword (9)]
  3806 | D:4      | Slain by a wight

Illustrated notes

Levels and vault maps discovered:
D:1:      dpeg_chamrin_arrival_tetris, layout_basic
D:2:      layout_basic, minmay_tripent, uniq_terence, uniq_robin
D:3:      kennysheep_slugbush, layout_rooms, uniq_grinder
D:4:      nicolae_cairo_tiling, layout_rooms, okawaru_altar_gauntlet_db,
          st_stairs_3, sigmund_edmund_badplayer

Skill      XL: |  1  2  3  4  5  6 |
---------------+-------------------+-----
Fire Magic     | 3 4 |  4.5
Dodging        | 2 |  2.3
Stealth        | 2 |  2.4
Spellcasting   | 3 4 |  4.4
Conjurations   | 2 3 |  3.1
Fighting       | |  0.5
Short Blades   | |  0.9
Unarmed Combat | |  0.2

Action                   |  1- 3 |  4- 6 |  7- 9 || total
-------------------------+-------+-------+-------++-------
Melee: Unarmed           |    24 |       |       ||    24
       Dagger            |     6 |    23 |     7 ||    36
 Cast: Foxfire           |    51 |   154 |       ||   205
       Scorch            |       |       |     1 ||     1
  Use: Potion            |       |     3 |       ||     3
       Scroll            |       |     3 |     1 ||     4
Armor: Robe              |     9 |     5 |       ||    14
Dodge: Dodged            |    15 |    23 |     7 ||    45

Table legend: (Time is in decaauts)
 A = Elapsed time spent in this place.
 B = Non-inter-level travel time spent in this place.
 C = Inter-level travel time spent in this place.
 D = Time resting spent in this place.
 E = Time spent auto-exploring this place.
 F = Levels seen in this place.
 G = Mean time per level.
                   A        B        C        D        E       F      G
               +--------+--------+--------+--------+--------+-----+--------+
         Total |   3808 |   3662 |    146 |    354 |   2648 |   4 |  952.0 |
       Dungeon |   3808 |   3662 |    146 |    354 |   2648 |   4 |  952.0 |
               +--------+--------+--------+--------+--------+-----+--------+

Top non-repeatable levels by time:
     D:2: 1352 daAuts
     D:1: 1261 daAuts
     D:3: 1164 daAuts
     D:4: 29 daAuts
